 Dungeon Crawl Stone Soup version 0.30.0-20-g3615ddf2f0 (webtiles) character file.

Game seed: 9774158960562134938

147 qw the Chopper (level 5, -1/32 HPs)
             Began as a Gargoyle Fighter on May 31, 2023.
             Slain by an orc
             ... wielding a +0 hand axe
              (6 damage)
             ... on level 3 of the Dungeon.
             The game lasted 00:01:04 (1800 turns).

qw the Chopper (Gargoyle Fighter)                   Turns: 1800, Time: 00:01:04

Health: -1/32      AC: 13    Str: 22    XL:     5   Next: 29%
Magic:  5/5        EV:  9    Int:  8    God:
Gold:   77         SH:  4    Dex:  9    Spells: 4/4 levels left

rFire   + . .        Y - +1 war axe
rCold   + . .        c - +0 buckler
rNeg    + . .        b - +0 scale mail
rPois   inf          g - +1 helmet "Neloat" {Contam rC++ Slay+3 SInv}
rElec   +            (no cloak)
rCorr   .            (no gloves)
SInv    +            (no boots)
Will    .....        (no amulet) Stlth
                     e - ring of fire
HPRegen 0.25/turn    (no ring)
MPRegen 0.09/turn

%: no passive effects
@: no status effects
A: sickness immunity, AC +4, negative energy resistance 1, electricity
resistance, torment resistance 1, petrification resistance
a: no special abilities


You were on level 3 of the Dungeon.
You visited 1 branch of the dungeon, and saw 3 of its levels.

You collected 77 gold pieces.


Innate Abilities, Weirdness & Mutations

You are immune to sickness and miasma.
Your stone body is resilient. (AC +4)
You are immune to poison.
You resist negative energy. (rN+)
You are resistant to electric shocks. (rElec)
You are resistant to unholy torment.
You are immune to petrification.


   Skills:
 - Level 3.2 Fighting
 + Level 4.8 Axes
 - Level 3.2 Armour
 - Level 3.2 Shields


You had 4 spell levels left.
You didn't know any spells.
Your spell library was empty.

Inventory:

Hand Weapons
 i - a +1 vampiric whip
 Y - a +1 war axe (weapon)
Armour
 b - a +0 scale mail (worn)
 c - a +0 buckler (worn)
 g - the +1 helmet "Neloat" (worn) {Contam rC++ Slay+3 SInv}
   (You took it off Robin on level 2 of the Dungeon)

   Slay:      It affects your accuracy & damage with ranged weapons and melee
   (+3).
   rC:        It greatly protects you from cold.
   SInv:      It lets you see invisible.
   Contam:    It causes magical contamination when unequipped.
 h - a +0 chain mail
Jewellery
 e - a ring of fire (left hand)
Scrolls
 f - a scroll of teleportation
Potions
 a - a potion of flight {unknown}
 d - a potion of might
 j - a potion of lignification {unknown}
 k - a potion of curing
 m - a potion of heal wounds {unknown}

Dungeon Overview and Level Annotations

Branches:
Dungeon (3/15)

Altars:


Message History

An orc comes into view. It is wielding a +0 short sword.
A kobold comes into view. It is wielding a +0 short sword.
An orc comes into view. It is wielding a +2 heavy falchion.
The orc moves out of view.
The kobold shouts!
You hear a shout!
A gnoll comes into view. It is wielding a +0 halberd.
A gnoll and 2 orcs come into view.
The gnoll shouts! x2; The orc shouts! x2
A frilled lizard comes into view.
A gnoll comes into view. It is wielding a +0 whip.
A gnoll comes into view. It is wielding a +0 club.
The gnoll shouts!
The frilled lizard hisses angrily.
The orc closely misses you.
You slash the orc!
You kill the orc!
You hit the orc.
The orc is moderately wounded.
You hit the kobold. The kobold hits you but does no damage.
You closely miss the kobold.
The kobold is severely wounded.
You closely miss the orc. x2
The gnoll barely misses you. The kobold hits you but does no damage.
You block the orc's attack. The orc hits you with a +0 hand axe.
The gnoll hits you from afar with a +0 halberd!
The kobold hits you but does no damage. The orc misses you.
You slash the kobold!
You kill the kobold!
You barely miss the orc. You hit the orc. You block the gnoll's attack.
The orc hits you with a +0 dagger. The orc hits you but does no damage.
You closely miss the orc.
The orc is severely wounded.
You hit the orc. You slash the frilled lizard!
You kill the frilled lizard!
You hit the orc.
The gnoll hits you from afar with a +0 halberd!
You block the orc's attack. The orc barely misses you.
The orc hits you with a +0 hand axe.
You die...

...#.# .).#.####
...#....###
...#.##...####
...#.####....#
...#.#######.###
.#.#.#.....)...######
.#.#.#.......#....[.#
.#.#.#.......###@o..#
.#...#.......#


#oogg+ .### #.......# ##go.# .# ######### g..# .# ..... .# #....# .# ....# .#
....# .# You could see 4 gnolls and 4 orcs.

Vanquished Creatures
  Jessica (D:2)
  Robin (D:2)
  4 gnolls (D:2)
  A worm (D:2)
  2 orcs (D:3)
  7 endoplasms
  A giant cockroach (D:1)
  12 goblins
  6 hobgoblins
  4 jackals (D:1)
  8 kobolds
  A quokka (D:1)
  7 ball pythons
  3 bats (D:1)
  4 frilled lizards
  3 rats
65 creatures vanquished.

Notes
Turn   | Place    | Note
-------+----------+-------------------------------------------
     0 | D:1      | qw the Gargoyle Fighter began the quest for the Orb.
     0 | D:1      | Reached XP level 1. HP: 14/14 MP: 1/1
     0 | D:1      | 0 ||| qw: Version: 0.2-a-102-gfc559e5
     0 | D:1      | 0 ||| qw: Game counter: 539
     0 | D:1      | 0 ||| qw: Always use a shield: true
     0 | D:1      | 0 ||| qw: God list: Okawaru
     0 | D:1      | 0 ||| qw: Allow faded altars: false
     0 | D:1      | 0 ||| qw: Do Orc after D:15 true
     0 | D:1      | 0 ||| qw: Do second Lair branch before Depths: true
     0 | D:1      | 0 ||| qw: Lair rune preference: random
     0 | D:1      | 0 ||| qw: Plans: Normal, Zot:1-4, Slime:5, God:TSO, Crypt,
                  | Tomb, Pan, Hells, Abyss, Win
     0 | D:1      | 0 ||| PLANNING D:1-11
    76 | D:1      | Reached skill level 2 in Axes
    82 | D:1      | 82 ||| Stepping ~*~*~tactically~*~*~ (stealth).
   119 | D:1      | Reached XP level 2. HP: 19/19 MP: 2/2
   197 | D:1      | Found a faded altar of an unknown god.
   252 | D:1      | 252 ||| DROPPING +0 mace.
   383 | D:1      | Reached skill level 3 in Axes
   390 | D:1      | Reached XP level 3. HP: 17/23 MP: 3/3
   609 | D:1      | 609 ||| READING scroll labelled QIHASTRATYU.
   610 | D:1      | 610 ||| READING scroll labelled SIUDEYRODO.
   730 | D:2      | 730 ||| Stepping ~*~*~tactically~*~*~ (hiding).
   732 | D:2      | 732 ||| Stepping ~*~*~tactically~*~*~ (hiding).
   733 | D:2      | 733 ||| Stepping ~*~*~tactically~*~*~ (hiding).
   803 | D:2      | 803 ||| FLEEEEING.
   826 | D:2      | Identified the +1 helmet "Neloat" {Contam rC++ Slay+3 SInv}
   826 | D:2      | Noticed Robin
   833 | D:2      | Killed Robin
   834 | D:2      | Reached XP level 4. HP: 24/28 MP: 4/4
   960 | D:2      | Identified the +1 leather armour of Tokeixt {Will+ Int+3}
  1071 | D:2      | 1071 ||| Stepping ~*~*~tactically~*~*~ (stealth).
  1072 | D:2      | 1072 ||| Stepping ~*~*~tactically~*~*~ (stealth).
  1093 | D:2      | Reached skill level 4 in Axes
  1098 | D:2      | HP: 4/28 [gnoll/+0 heavy spear (9)]
  1298 | D:2      | Noticed Jessica
  1299 | D:2      | 1299 ||| Stepping ~*~*~tactically~*~*~ (stealth).
  1302 | D:2      | Killed Jessica
  1303 | D:2      | Reached XP level 5. HP: 28/32 MP: 5/5
  1544 | D:2      | 1544 ||| UPGRADING to +1 helmet "Neloat" {Contam rC++
                  | Slay+3 SInv}.
  1549 | D:2      | 1549 ||| DROPPING +1 leather armour of Tokeixt {Will+
                  | Int+3}.
  1550 | D:2      | 1550 ||| DROPPING amulet of magic regeneration.
  1551 | D:2      | 1551 ||| UPGRADING to ring of fire.
  1552 | D:2      | 1552 ||| READING scroll labelled ROAN LAS GOSIQEPN.
  1555 | D:2      | 1555 ||| READING scroll labelled VOIRGH JATEHURON.
  1556 | D:2      | 1556 ||| READING scroll labelled COSENL YXTOH.
  1657 | D:2      | 1657 ||| READING scroll labelled FAPNURAIDY.
  1658 | D:2      | 1658 ||| DRINKING 2 fuming inky potions.
  1732 | D:3      | 1732 ||| Stepping ~*~*~tactically~*~*~ (stealth).
  1800 | D:3      | HP: 5/32 [gnoll/+0 halberd (12)]
  1800 | D:3      | Slain by an orc

Levels and vault maps discovered:
D:1:      minmay_arrival_widening_spiral_wide, layout_rooms,
          shapermc_ecumenical_altar_mp_ritualfount
D:2:      layout_basic, uniq_jessica, uniq_robin
D:3:      layout_basic, minitemple, uniq_crazy_yiuf_cottage

Skill      XL: |  1  2  3  4 |
---------------+-------------+-----
Axes           | 2 3 4 |  4.8
Fighting       | |  3.2
Armour         | |  3.2
Shields        | |  3.2

Action                     |  1- 3 |  4- 6 || total
---------------------------+-------+-------++-------
  Melee: War axe           |   109 |    46 ||   155
    Use: Scroll            |     2 |     4 ||     6
         Potion            |       |     1 ||     1
 Armour: Scale mail        |    57 |    11 ||    68
  Dodge: Dodged            |    44 |    16 ||    60
  Block: Buckler           |    27 |    14 ||    41

Table legend:
 A = Non-vault XP
 B = Vault XP
 C = Vault XP percentage of total XP
 D = Non-vault monster count
 E = Vault monster count
 F = Vault count percentage of total count
                 A         B        C        D         E       F
            +---------+---------+-------+---------+---------+-------
      Total |     137 |      75 |  35.4 |      51 |      14 |  21.5
            +---------+---------+-------+---------+---------+-------
        D:1 |      45 |       0 |   0.0 |      28 |       0 |   0.0
        D:2 |      78 |      75 |  49.0 |      16 |      14 |  46.7
        D:3 |      14 |       0 |   0.0 |       7 |       0 |   0.0
            +---------+---------+-------+---------+---------+-------
